Map: Triton LE

Players

VaeVictus - Winner!

  • Race: Protoss Protoss
  • League: Diamond
  • Spawn Location: 5:00

GGBear

  • Race: Protoss Protoss
  • League: Diamond
  • Spawn Location: 11:00

VOD

Have the link to the VOD?

Description

Time

  • Played on: Nov. 25, 2019, 11:28 p.m.
  • Length: 8:56
Show
View Real Time Build Order
Export as new Build Order

VaeVictus Protoss - Winner!

Build Orders: Oracle Opening 

Get SALT Encoding   

  12  0:01  Probe  
  13  0:13  Probe  
  14  0:17  Pylon  
  14  0:25  Probe (Chrono Boost)  
  15  0:37  Probe (Chrono Boost)  
  15  0:40  Gateway  
  16  0:45  Probe (Chrono Boost)  
  16  0:46  Assimilator  
  17  0:51  Probe  
  17  0:54  Assimilator  
  18  1:03  Probe (Chrono Boost)  
  19  1:13  Gateway  
  19  1:14  Probe (Chrono Boost)  
  20  1:19  Probe (Chrono Boost)  
  21  1:27  Cybernetics Core  
  21  1:30  Probe  
  22  1:42  Probe  
  22  1:44  Pylon  
  23  2:02  Probe  
  23  2:04  Stargate  
  24  2:10  Stalker, Warp Gate  
  24  2:14  Probe  
  27  2:18  Stalker  
  29  2:23  Pylon  
  29  2:26  Probe  
  30  2:39  Probe  
  31  2:46  Oracle (Chrono Boost)  
  34  2:59  Stalker  
  34  3:04  Shield Battery  
  37  3:32  Pylon  
  39  3:34  Oracle (Chrono Boost)  
  38  3:51  Probe  
  39  3:57  Nexus  
  39  4:04  Twilight Council  
  39  4:05  Forge  
  39  4:08  Probe  
  40  4:13  Stalker x2  
  44  4:20  Probe  
  45  4:38  Probe  
  46  4:42  Blink (Chrono Boost)  
  46  4:50  Probe  
  47  4:56  Pylon  
  47  4:58  Robotics Facility  
  47  5:09  Probe  
  47  5:13  Stalker  
  50  5:15  Probe (Chrono Boost)  
  52  5:21  Probe (Chrono Boost)  
  52  5:25  Protoss Ground Weapons Level 1 (Chrono Boost)  
  53  5:31  Shield Battery  
  53  5:32  Probe (Chrono Boost)  
  53  5:34  Probe (Chrono Boost)  
  54  5:36  Probe (Chrono Boost)  
  54  5:37  Assimilator  
  54  5:40  Pylon, Stalker  
  57  5:42  Assimilator  
  57  5:48  Observer  
  58  5:50  Probe  
  58  5:51  Probe  
  58  5:55  Gateway  
  60  5:58  Gateway  
  60  6:03  Probe  
  61  6:21  Stalker x2  
  61  6:24  Probe  
  61  6:25  Probe  
  67  6:35  Pylon x2  
  67  6:37  Probe  
  68  6:43  Pylon, Observer (Chrono Boost)  
  68  6:46  Pylon  
  69  7:10  Probe x2  
  69  7:13  Immortal (Chrono Boost)  
  69  7:14  Charge  
  75  7:22  Probe  
  75  7:23  Probe  
  75  7:28  Stalker x4  
  85  7:34  Templar Archives  
  85  7:35  Probe x2  
  85  7:37  Gateway  
  87  7:38  Gateway  
  87  7:39  Pylon  
  87  7:42  Immortal (Chrono Boost)  
  87  7:47  Probe x2  
  93  8:00  Nexus  
  93  8:02  Pylon  
  93  8:08  Pylon  
  93  8:14  Immortal  
  97  8:22  High Templar x2  
  101  8:28  Archon  
  98  8:35  Zealot  
  98  8:36  Zealot x3  
  82  8:54  Stalker  
Show
View Real Time Build Order
Export as new Build Order

GGBear Protoss 

Build Orders:  

Get SALT Encoding   

  12  0:01  Probe  
  13  0:13  Probe  
  14  0:17  Pylon  
  14  0:25  Probe  
  15  0:38  Probe (Chrono Boost), Gateway  
  16  0:47  Probe (Chrono Boost)  
  17  0:50  Assimilator  
  17  0:52  Probe (Chrono Boost)  
  18  1:06  Probe  
  19  1:15  Gateway  
  19  1:19  Probe  
  19  1:22  Assimilator  
  19  1:25  Pylon  
  20  1:33  Cybernetics Core  
  20  1:38  Probe  
  21  1:51  Probe  
  22  2:03  Probe  
  22  2:07  Adept x2 (Chrono Boost)  
  23  2:11  Warp Gate  
  27  2:16  Probe  
  27  2:21  Pylon  
  28  2:28  Probe  
  29  2:33  Stalker  
  31  2:39  Stalker  
  31  2:43  Pylon  
  33  3:03  Sentry  
  33  3:30  Robotics Facility  
  33  3:32  Robotics Facility  
  33  3:35  Pylon  
  33  3:40  Shield Battery  
  25  4:01  Shield Battery  
  25  4:05  Probe  
  25  4:07  Stalker x2  
  30  4:17  Probe  
  31  4:25  Immortal (Chrono Boost)  
  31  4:29  Probe  
  30  4:50  Probe (Chrono Boost)  
  32  5:00  Probe (Chrono Boost)  
  32  5:06  Observer, Probe  
  34  5:18  Probe (Chrono Boost)  
  36  5:30  Probe (Chrono Boost)  
  36  5:34  Probe (Chrono Boost)  
  37  5:45  Probe  
  38  5:50  Immortal  
  42  5:57  Probe  
  42  5:58  Immortal  
  46  6:25  Pylon  
  46  6:30  Pylon  
  45  6:55  Immortal (Chrono Boost)  
  45  7:00  Zealot  
  55  7:05  Immortal (Chrono Boost)  
  55  7:26  Warp Prism  
  57  7:33  Zealot x2  
  61  7:52  Gateway  
  61  7:53  Gateway  
  61  8:02  Observer  
  62  8:15  Gateway  
  62  8:19  Pylon  
  62  8:22  Pylon  
Tags
 
Matchup
PvP
Spawn Locations
Cross Positions
Add a new tag
Caveats
  • Supply blocks, unpowered buildings, or Contaminate may cause inaccurate times.
  • Supply counts are checked every 10 seconds.